 Dungeon Crawl Stone Soup version 0.31-a0-345-g1ebeae05c6 (webtiles) character file.

Game seed: 1758115953622880989

2121 Gelion the Changeling (level 9, -3/87 HPs)
             Began as a Troll Shapeshifter on July 23, 2023.
             Was an Initiate of Gozag.
             Slain by a gnoll
             ... wielding a +0 halberd
             ... led by a gnoll bouda
              (10 damage)
             ... on level 7 of the Dungeon.
             The game lasted 00:08:25 (5514 turns).

Gelion the Changeling (Troll Shapeshifter)          Turns: 5514, Time: 00:08:26

Health: -3/87      AC:  5    Str: 25    XL:     9   Next: 8%
Magic:  8/8        EV: 10    Int:  4    God:    Gozag
Gold:   394        SH:  0    Dex: 14    Spells: 8/8 levels left

rFire   . .          .
                       - Unarmed
rCold   . . .        (no shield)
rNeg    . . .        a - +1 animal skin
rPois   .            (helmet currently unavailable)
rElec   .            (cloak currently unavailable)
rCorr   +            (gloves unavailable)
SInv    .            (boots unavailable)
Will    +....        q - amulet of magic regeneration
Stlth   +            r - ring of resist corrosion
HPRegen 1.14/turn    w - ring of willpower
MPRegen 0.51/turn

%: no passive effects
@: confused, beast-form, ambrosia-drunk, gold aura
A: beast (slay +5), large, unfitting armour, claws 3, regeneration 1, shaggy fur
1, tough skin 1
a: Begin Untransformation, Renounce Religion, Potion Petition, Call Merchant,
Bribe Branch


You were on level 7 of the Dungeon.
You worshipped Gozag.
Gozag was aware of your devotion.
You were a hulking beast.
You visited 2 branches of the dungeon, and saw 8 of its levels.

You collected 497 gold pieces.
You paid 103 gold pieces to Gozag.

Inventory:

Missiles
 i - a throwing net
Armour
 a - a +1 animal skin (worn)
 x - a scarf of invisibility
Jewellery
 f - a ring of positive energy
 k - a ring of poison resistance
 q - an amulet of magic regeneration (around neck)
 r - a ring of resist corrosion (left claw)
 w - a ring of willpower (right claw)
Talismans
 c - a beast talisman
Wands
 j - a wand of iceblast (19)
 p - a wand of polymorph (4)
 t - a wand of digging (5)
 u - a wand of flame (26)
Scrolls
 g - a scroll of enchant armour
 h - 4 scrolls of enchant weapon
Potions
 b - a potion of lignification
 d - 2 potions of enlightenment
 l - a potion of degeneration {unknown}
 m - 2 potions of curing
 o - 4 potions of brilliance
 v - a potion of attraction {unknown}
 z - a potion of haste {unknown}


   Skills:
 + Level 4.9 Fighting
 - Level 1.5 Dodging
 + Level 6.7 Unarmed Combat
 * Level 7.8 Shapeshifting


You had 8 spell levels left.
You didn't know any spells.
Your spell library contained the following spells:

 Spells                   Type           Power      Damage    Failure   Level
 Summon Small Mammal      Summ           0%         N/A       50%         1
 Call Canine Familiar     Summ           0%         N/A       86%         3
 Summon Guardian Golem    Hex/Summ       0%         N/A       86%         3


Dungeon Overview and Level Annotations

Branches:
Dungeon (7/15)             Temple (1/1) D:6

Altars:
Ashenzari
Dithmenos
Elyvilon
Gozag
Hepliaklqana
Kikubaaqudgha
Makhleb
Okawaru
Ru
Sif Muna
Uskayaw
Vehumet
Xom
Yredelemnul
Zin

Shops:
D:1 (   D:4 !   D:5 :


Innate Abilities, Weirdness & Mutations

You are a hulking beast.
Your limbs bulge with bestial killing power. (Slay +5)
You are too large for most types of armour.
You have claws for hands.
Your natural rate of healing is unusually fast.
You are covered in fur. (AC +1)
You have tough skin. (AC +1)


Message History

Maggie is moderately wounded.
Maggie hits you with a +2 glaive of flaming!
Maggie burns you.
You closely miss Maggie.
Maggie is moderately wounded.
Maggie hits you with a +2 glaive of flaming!
Maggie burns you.
You claw Maggie!
Maggie is heavily wounded.
Maggie hits you with a +2 glaive of flaming!
* * * LOW HITPOINT WARNING * * *
Maggie burns you.
* * * LOW HITPOINT WARNING * * *
You claw Maggie!
Maggie is severely wounded.
Maggie completely misses you.
You claw Maggie!
Maggie is almost dead.
The gnoll hits you from afar with a +0 halberd.
* * * LOW HITPOINT WARNING * * *
Maggie hits you with a +2 glaive of flaming!
* * * LOW HITPOINT WARNING * * *
Maggie burns you.
* * * LOW HITPOINT WARNING * * *
You claw Maggie!
You are no longer entranced.
You kill Maggie!
The gnoll barely misses you.
You have reached level 9!
Your experience leads to an increase in your attributes!
Increase (S)trength, (I)ntelligence, or (D)exterity?
You feel agile. x2; You feel stronger.
You feel better.
The gnoll hits you from afar with a +0 halberd!
* * * LOW HITPOINT WARNING * * *
You are confused.
You feel invigorated.
The gnoll hits you from afar with a +0 halberd!
You die...
Your body crumbles into a pile of gold.

...................
..........!.........
....................
...........$........
....................
.............$$......
......................
.............$........
............g.h.......
......................
......................
......................
......................
......................
......................
............[.........
.....................


You could see a gnoll.

Vanquished Creatures
  Maggie (D:7)
  2 water moccasins (D:5)
  An ice beast (D:6)
  A centaur (D:6)
  The ghost of GiantSquids the Insei, an amateur OpSh (D:3)
  Blork the orc (D:4)
  A bullfrog (D:3)
  3 scorpions
  4 wights (D:6)
  A crimson imp (D:3)
  2 hounds
  2 jellies (D:6)
  3 gnoll boudas
  An orc priest (D:7)
  Ijyb (D:3)
  Natasha (thrice) (D:4)
  3 iguanas
  2 orc wizards
  17 gnolls
  7 adders
  A shadow imp (D:6)
  2 white imps
  An ufetubus (D:4)
  3 worms (D:3)
  4 dart slugs
  15 orcs
  6 bats
  6 endoplasms
  5 giant cockroaches
  11 hobgoblins
  9 jackals
  7 quokkas
  7 ball pythons
  14 frilled lizards
  5 goblins
  7 kobolds
  4 rats
164 creatures vanquished.

Vanquished Creatures (others)
  2 gnolls (D:7)
  A ball python (D:3)
3 creatures vanquished.

Grand Total: 167 creatures vanquished

Notes
Turn   | Place    | Note
-------+----------+-------------------------------------------
     0 | D:1      | Gelion the Troll Shapeshifter began the quest for the Orb.
     0 | D:1      | Reached XP level 1. HP: 18/18 MP: 0/0
    95 | D:1      | Reached skill level 1 in Fighting
   111 | D:1      | Reached XP level 2. HP: 27/27 MP: 1/1
   330 | D:1      | Found Bessak's Weapon Shop.
   727 | D:2      | Reached XP level 3. HP: 33/33 MP: 2/2
   750 | D:2      | Found a shimmering altar of Xom.
   967 | D:2      | Reached XP level 4. HP: 22/41 MP: 3/3
  1119 | D:2      | Reached skill level 4 in Shapeshifting
  1484 | D:3      | Noticed Ijyb
  1491 | D:3      | Killed Ijyb
  1492 | D:3      | Reached XP level 5. HP: 29/49 MP: 4/4
  1762 | D:3      | Found a runed translucent door.
  1795 | D:3      | Noticed GiantSquids's ghost (amateur OpSh)
  2118 | D:3      | Found a burning altar of Makhleb.
  2118 | D:3      | Found a shimmering altar of Xom.
  2125 | D:3      | Reached XP level 6. HP: 56/59 MP: 5/5
  2248 | D:3      | Killed GiantSquids's ghost
  2249 | D:3      | Reached skill level 5 in Shapeshifting
  2336 | D:4      | Found Faul's Distillery.
  2532 | D:4      | Found an ancient bone altar of Kikubaaqudgha.
  2546 | D:4      | Noticed Blork the orc
  2552 | D:4      | Killed Blork the orc
  2561 | D:4      | Reached XP level 7. HP: 66/66 MP: 6/6
  2619 | D:4      | Noticed Natasha
  2626 | D:4      | Killed Natasha
  2890 | D:4      | Noticed Natasha
  2895 | D:4      | Killed Natasha
  3052 | D:4      | Noticed Natasha
  3057 | D:4      | Killed Natasha
  3058 | D:4      | Reached skill level 5 in Unarmed Combat
  3359 | D:5      | Entered Level 5 of the Dungeon
  3376 | D:5      | Found Dethraoti's Book Emporium.
  3605 | D:5      | Reached skill level 6 in Shapeshifting
  3615 | D:5      | Reached XP level 8. HP: 38/78 MP: 7/7
  4202 | D:6      | Reached skill level 7 in Shapeshifting
  4585 | D:6      | Found a staircase to the Ecumenical Temple.
  4652 | Temple   | Entered the Ecumenical Temple
  4658 | Temple   | Became a worshipper of Gozag Ym Sagoz the Greedy
  4872 | D:6      | Found a white marble altar of Elyvilon.
  5492 | D:7      | Noticed Maggie
  5511 | D:7      | HP: 3/79 [Maggie/+2 glaive of flaming (2)]
  5512 | D:7      | Killed Maggie
  5513 | D:7      | Reached XP level 9. HP: 5/87 MP: 8/8
  5514 | D:7      | Slain by a gnoll

Illustrated notes

Levels and vault maps discovered:
D:1:      dpeg_arrival_round_b, layout_loops_ring, serial_shops,
          nicolae_shop_pleasant_corner_grove
D:2:      layout_loops_corners, basic_altar
D:3:      minmay_evil_eye, layout_loops_ring,
          grunt_temple_overflow_champion_of_chaos, ebering_ghost_sewer_d,
          uniq_ijyb
D:4:      layout_loops_corners, lemuel_doored_altar, serial_shops,
          nicolae_inconvenience_store, uniq_natasha, uniq_blork_the_orc
D:5:      layout_rooms, serial_shops, shop
D:6:      minmay_inner_zag, layout_layer_cave, mainiacjoe_overflow_alcove_4,
          minmay_temple_entry_crystal_x, minmay_parallelograms, minivault_10,
          minmay_lizard_king
D:7:      layout_layer_cave, nicolae_tso_swordbearing_angel,
          mainiacjoe_overflow_big_doors, uniq_maggie, uniq_pikel, uniq_joseph
Temple:   minmay_freezing_vapour_temple

Skill      XL: |  1  2  3  4  5  6  7  8 |
---------------+-------------------------+-----
Fighting       | 1 2 3 4 |  4.9
Shapeshifting  | 4 5 6 7 |  7.8
Unarmed Combat | 4 5 6 |  6.7
Dodging        | |  1.5

Action                     |  1- 3 |  4- 6 |  7- 9 || total
---------------------------+-------+-------+-------++-------
  Melee: Unarmed           |    56 |   129 |   186 ||   371
         Punch             |       |     3 |    10 ||    13
    Use: Scroll            |       |     5 |     9 ||    14
         Potion            |       |       |     3 ||     3
   Stab: Sleeping          |     3 |       |     1 ||     4
         Distracted        |       |       |     1 ||     1
 Armour: Animal skin       |    15 |    42 |    32 ||    89
  Dodge: Dodged            |    18 |    61 |    90 ||   169

Table legend: (Time is in decaauts)
 A = Elapsed time spent in this place.
 B = Non-inter-level travel time spent in this place.
 C = Inter-level travel time spent in this place.
 D = Time resting spent in this place.
 E = Time spent auto-exploring this place.
 F = Levels seen in this place.
 G = Mean time per level.
                   A        B        C        D        E       F      G
               +--------+--------+--------+--------+--------+-----+--------+
         Total |   5479 |   5021 |    458 |     27 |   4096 |   8 |  684.9 |
       Dungeon |   5467 |   5017 |    450 |     27 |   4096 |   7 |  781.0 |
        Temple |     11 |      3 |      8 |      0 |      0 |   1 |   11.0 |
               +--------+--------+--------+--------+--------+-----+--------+

Top non-repeatable levels by time:
     D:6: 1371 daAuts
     D:4: 1052 daAuts
     D:3: 838 daAuts
     D:2: 730 daAuts
     D:1: 722 daAuts
     D:5: 663 daAuts
     D:7: 90 daAuts
  Temple: 11 daAuts
